 Dungeon Crawl Stone Soup version 0.30-a0-51-g784eafce7f (webtiles) character file.

Game seed: 17099934459319198023

77 BritishOli the Trooper (level 4, -1/37 HPs)
             Began as a Demonspawn Fighter on Sept 6, 2022.
             Killed from afar by an orc wizard (7 damage)
             ... with a puff of flame
             ... on level 2 of the Dungeon.
             The game lasted 00:02:15 (1728 turns).

BritishOli the Trooper (Demonspawn Fighter)         Turns: 1728, Time: 00:02:16

Health: -1/37      AC:  6    Str: 18    XL:     4   Next: 14%
Magic:  4/4        EV:  9    Int: 10    God:
Gold:   129        SH:  4    Dex: 12    Spells: 3/3 levels left

rFire   . . .      SeeInvis .    a - +0 long sword
rCold   . . .      Faith    .    c - +0 buckler
rNeg    + . .      Spirit   .    b - +0 scale mail
rPois   .          Reflect  .    (no helmet)
rElec   .          Harm     .    (no cloak)
rCorr   +          Rampage  .    (no gloves)
Will    .....                    (no boots)
Stlth   ..........               (no amulet)
HPRegen 0.12/turn                e - ring of resist corrosion
MPRegen 0.09/turn                o - ring of positive energy

@: no status effects
A: powered by death 1
a: no special abilities


You were on level 2 of the Dungeon.
You visited 1 branch of the dungeon, and saw 3 of its levels.

You collected 129 gold pieces.

Inventory:

Hand Weapons
 a - a +0 long sword (weapon)
Armour
 b - a +0 scale mail (worn)
 c - a +0 buckler (worn)
 p - a +0 pair of boots
Jewellery
 e - a ring of resist corrosion (left hand)
 o - a ring of positive energy (right hand)
Scrolls
 f - a scroll of vulnerability {unknown}
 h - a scroll of poison {unknown}
 j - 2 scrolls of blinking {unknown}
 k - a scroll of butterflies {unknown}
 l - a scroll of identify {unknown}
Potions
 d - a potion of might
 g - a potion of mutation {unknown}
 i - 2 potions of curing {unknown}
 m - a potion of berserk rage {unknown}
 n - a potion of magic {unknown}


   Skills:
 + Level 3.9 Fighting
 + Level 2.8 Long Blades
 - Level 3.0 Armour
 - Level 3.0 Shields


You had 3 spell levels left.
You didn't know any spells.
Your spell library contained the following spells:

 Spells                   Type           Power      Damage    Failure   Level
 Freeze                   Ice            0%         1d3       83%         1
 Frozen Ramparts          Ice            0%         1d1       99%         3
 Hailstorm                Conj/Ice       0%         3d3       100%        4


Dungeon Overview and Level Annotations

Branches:
Dungeon (3/15)

Altars:


Innate Abilities, Weirdness & Mutations

You regenerate a little health from kills.


Message History

Something hits you but does no damage. x2
You hit something. Something hits you but does no damage.
You hit something. Something hits you.
You miss something.
Something hits you but does no damage. x2
You barely miss something.
You hear some strange, mumbled words.
Something tries to affect you, but you resist.
You hit something. Something hits you but does no damage.
You barely miss something. Something hits you.
You closely miss something. Something hits you.
You hear some strange, mumbled words.
A magic dart appears from out of thin air!
The magic dart hits you.
You barely miss something. Something hits you but does no damage.
You closely miss something.
You hear some strange, mumbled words.
A puff of flame appears from out of thin air!
The puff of flame misses you.
You closely miss something.
You hear some strange, mumbled words.
A puff of flame appears from out of thin air!
The puff of flame hits you.
* * * LOW HITPOINT WARNING * * *
You hear some strange, mumbled words.
A magic dart appears from out of thin air!
The magic dart hits you.
* * * LOW HITPOINT WARNING * * *
You closely miss something. You block something's attack.
You hit something. Something hits you but does no damage.
You miss something. Something hits you but does no damage.
You hit something.
Something hits you but does no damage. x2
You barely miss something. Something hits you but does no damage.
You completely miss something.
An orc wizard appears from thin air!
Reactivating autopickup.
The orc wizard hits you but does no damage.
You miss the orc wizard.
The orc wizard is almost dead.
The orc wizard points at you and mumbles some strange words.
The puff of flame hits you!
You die...

########
#......# #####
#......# #)..#
#......# #@..#
#..(...# #.o.#
#......###...#
#.......†....#
#........#...#
#......#.#...#
#......#.#...#
#......#.....#
#########†.###


You could see an orc wizard.

Vanquished Creatures
  An adder (D:2)
  2 dart slugs
  2 orcs
  4 bats
  4 endoplasms
  4 giant cockroaches
  4 goblins
  3 hobgoblins
  11 jackals
  3 kobolds
  3 quokkas
  6 ball pythons
  4 frilled lizards
  2 rats
53 creatures vanquished.

Notes
Turn   | Place    | Note
-------+----------+-------------------------------------------
     0 | D:1      | BritishOli the Demonspawn Fighter began the quest for the
                  | Orb.
     0 | D:1      | Reached XP level 1. HP: 18/18 MP: 1/1
   178 | D:1      | Gained mutation: You regenerate a little health from kills.
                  | [demonic ancestry]
   178 | D:1      | Reached XP level 2. HP: 10/24 MP: 2/2
   205 | D:1      | Found a faded altar of an unknown god.
   635 | D:1      | Reached XP level 3. HP: 27/29 MP: 3/3
  1400 | D:3      | Reached XP level 4. HP: 37/37 MP: 4/4
  1728 | D:2      | Killed from afar by an orc wizard

Illustrated notes

Levels and vault maps discovered:
D:1:      dpeg_arrival_court, layout_loops_cross,
          shapermc_ecumenical_altar_petra
D:2:      layout_rooms
D:3:      layout_loops_ring, ebering_ghost_reflecting_pool,
          kennysheep_generic_room_12

Skill      XL: |  1  2 |
---------------+-------+-----
Long Blades    | 2 |  2.8
Shields        | 3 |  3.0
Armour         | 3 |  3.0
Fighting       | |  3.9

Action                   |  1- 3 |  4- 6 || total
-------------------------+-------+-------++-------
Melee: Long sword        |   149 |    50 ||   199
Armor: Scale mail        |    60 |    33 ||    93
Dodge: Dodged            |    92 |    22 ||   114
Block: Buckler           |    37 |    12 ||    49

Table legend: (Time is in decaauts)
 A = Elapsed time spent in this place.
 B = Non-inter-level travel time spent in this place.
 C = Inter-level travel time spent in this place.
 D = Time resting spent in this place.
 E = Time spent auto-exploring this place.
 F = Levels seen in this place.
 G = Mean time per level.
                   A        B        C        D        E       F      G
               +--------+--------+--------+--------+--------+-----+--------+
         Total |   1791 |   1739 |     52 |    118 |   1213 |   3 |  597.0 |
       Dungeon |   1791 |   1739 |     52 |    118 |   1213 |   3 |  597.0 |
               +--------+--------+--------+--------+--------+-----+--------+

Top non-repeatable levels by time:
     D:1: 927 daAuts
     D:2: 615 daAuts
     D:3: 248 daAuts
